 Dungeon Crawl Stone Soup version 0.30.0-11-gf55b779eaf (webtiles) character file.

Game seed: 2328002491454405855

85575 Jackthecabe the Skirmisher (level 16, -9/120 HPs)
             Began as a Djinni Ice Elementalist on May 17, 2023.
             Was the Champion of Makhleb.
             Mangled by a tengu warrior
             ... wielding a +0 battleaxe
              (24 damage)
             ... on level 15 of the Dungeon.
             The game lasted 01:25:52 (31572 turns).

Jackthecabe the Skirmisher (DjIE)                  Turns: 31572, Time: 01:25:57

Health: -9/120     AC: 10    Str:  7    XL:     16   Next: 31%
Gold:   1874       EV: 17    Int: 26    God:    Makhleb [******] SH:  0 Dex: 19

rFire   + + .        a - +1 hand crossbow (flame)
rCold   . . .        (no shield)
rNeg    . . .        W - +0 robe {rC+}
rPois   ∞            Y - +0 mask of the Dragon {Will+ Slay+3 SInv}
rElec   .            p - +2 cloak
rCorr   .            Q - +0 pair of gloves
SInv    +            (boots unavailable)
Will    ++...        f - amulet of the acrobat
Stlth   ++           D - +6 ring of dexterity
HPRegen 0.40/turn    t - +4 ring of protection
MPRegen 0.00/turn

%: acrobat, infuse magic (-10 HP)
@: flying
A: sickness immunity, fire resistance 2, cold vulnerability 1, float, innate
caster, HP casting, extra vitality 1
a: Renounce Religion, Minor Destruction, Lesser Servant of Makhleb, Major
Destruction, Greater Servant of Makhleb


You were on level 15 of the Dungeon.
You worshipped Makhleb.
Makhleb was exalted by your worship.
You visited 3 branches of the dungeon, and saw 22 of its levels.
You also visited: Sewer.

You collected 2450 gold pieces.
You spent 576 gold pieces at shops.


Innate Abilities, Weirdness & Mutations

You are immune to sickness and miasma.
You are immune to poison.
Your flesh is very heat resistant. (rF++)
You are vulnerable to cold. (rC-)
You float through the air rather than walking.
You learn spells naturally, not from books.
Your magical power is your life essence.
You have superior vitality. (+4 MHP)


   Skills:
 + Level 12.7 Fighting
 - Level 14.0 Ranged Weapons
 - Level 8.0 Dodging
 - Level 1.5 Stealth
 - Level 14.0 Spellcasting


You knew the following spells:

 Your Spells              Type           Power      Damage    Failure   Level
a - Passwall              Tmut/Erth      61%        N/A       0%          2
b - Summon Ice Beast      Ice/Summ       74%        N/A       1%          4
f - Freeze                Ice            100%       1d10      0%          1
i - Iskenderun's Battles  Conj           74%        2d12      1%          5
l - Lee's Rapid Deconstr  Erth           37%        3d18*     1%          5
o - Ozocubu's Armour      Ice            74%        N/A       1%          3
r - Frozen Ramparts       Ice            100%       1d16      1%          3
u - Passage of Golubria   Tloc           74%        N/A       1%          4
w - Wereblood             Tmut           74%        N/A       0%          2
X - Necrotise             Necr           100%       1d9       0%          1
Y - Plasma Beam           Fire/Air       37%        2x1d55    1%          6
Your spell library was empty.

Inventory:

Hand Weapons
 a - a +1 hand crossbow of flaming (weapon)
Missiles
 A - 4 atropa-tipped darts
 V - 3 throwing nets {=f}
Armour
 p - a +2 cloak (worn)
 Q - a +0 pair of gloves (worn)
 W - a +0 robe of cold resistance (worn)
 Y - the +0 mask of the Dragon (worn) {Will+ Slay+3 SInv}
   (You found it on level 5 of the Lair of Beasts)

   Slay:      It affects your accuracy & damage with ranged weapons and melee
   (+3).
   SInv:      It lets you see invisible.
   Will:      It increases your willpower.
Magical Staves
 b - the staff of poison "Buol" {rPois Will++ Dex+5 Stlth-, !a}
   (You found it on level 10 of the Dungeon)

   [staff of poison]

   Your inability to study Poison Magic prevents you from drawing on the full
   power of this staff in melee.
   Base accuracy: +5 Base damage: 5 Base attack delay: 1.2 This weapon's minimum
   attack delay (0.6) is reached at skill level 12.
   Dex:       It affects your dexterity (+5).
   rPois:     It protects you from poison.
   Will:      It greatly increases your willpower.
   Stlth:     It makes you less stealthy.
   It falls into the 'Staves' category.
   It is a one-handed weapon.
Jewellery
 c - a ring of ice
 d - a +6 ring of dexterity
 f - an amulet of the acrobat (around neck)
 t - a +4 ring of protection (right hand)
 C - a ring of ice
 D - a +6 ring of dexterity (left hand)
 F - a ring of protection from fire
 S - a +6 ring of strength
 T - a +4 ring of protection
Wands
 r - a wand of paralysis (9)
 w - a wand of iceblast (11)
 B - a wand of mindburst (23)
 E - a wand of polymorph (12)
 I - a wand of digging (12)
 M - a wand of flame (4)
Scrolls
 e - 2 scrolls of silence {unknown}
 j - 15 scrolls of teleportation {@r2}
 n - a scroll of fear
 q - 3 scrolls of brand weapon
 u - 3 scrolls of fog
 y - 3 scrolls of magic mapping
 z - 4 scrolls of immolation
 G - a scroll of poison
 H - 4 scrolls of vulnerability
 K - 2 scrolls of torment
 L - 4 scrolls of enchant armour
 X - a scroll of summoning {unknown}
Potions
 g - 5 potions of degeneration {unknown}
 h - a potion of resistance {unknown}
 k - 4 potions of attraction
 l - 6 potions of curing {@q1}
 m - 2 potions of might {unknown}
 o - 6 potions of lignification
 s - 2 potions of magic {unknown}
 v - 4 potions of berserk rage {unknown}
 N - 4 potions of ambrosia
 O - 2 potions of cancellation
 P - 4 potions of haste {@q3}
 R - 3 potions of invisibility {unknown}
 U - 5 potions of brilliance
 Z - 8 potions of mutation
Miscellaneous
 i - a phantom mirror

Dungeon Overview and Level Annotations

Branches:
Dungeon (15/15)            Temple (0/1) D:6            Lair (5/5) D:11
  Swamp (0/4) Lair:2       Spider (0/4) Lair:3        Slime (0/5) Lair:4
    Orc (2/2) D:11            Elf (0/3) Orc:2        Vaults (0/5) D:14
  Sewer (visited)
 Depths: D:15

Altars:
Ashenzari
Cheibriados
Elyvilon
Fedhas
Makhleb
Nemelex Xobeh
Ru
Uskayaw
Xom
Zin

Shops:
D:1 ?   D:4 [   D:7 :   D:8 [   D:9 ?   D:10 *   Orc:2 :(!=

Portals:
Hell: Lair:5
Abyss: Orc:1

Annotations:
D:7 exclusion: door
Orc:1 2 transporters, middlethird's ghost, journeyman VSAE

### ..# #.# #.# #.#
#.# ##### ~
#.####...# ~~~
#.#......#
~Sc..#####@..##...#
#†...Q..###...######
#######.......<....#
######.#####.# #.#
#.# #.# .. #.# #.
#.#


You could see a tengu warrior.


Message History

The fiery plasma misses the tengu warrior.
* * * LOW HITPOINT WARNING * * *
The tengu warrior hits you with a +0 battleaxe.
* * * LOW HITPOINT WARNING * * *
The tengu warrior pecks you but does no damage.
The tengu warrior claws you but does no damage.
Casting: Plasma Beam (dangerous; 1% risk of failure)
Confirm with . or Enter, or press ? or * to list all spells.
Casting: Plasma Beam (dangerous; 1% risk of failure)
Press: ? - help, Dir - look around, f - activate The bolt of lightning hits the tengu warrior!!
The tengu warrior is heavily wounded.
The fiery plasma hits the tengu warrior!
The tengu warrior is severely wounded.
* * * LOW HITPOINT WARNING * * *
The tengu warrior hits you with a +0 battleaxe.
* * * LOW HITPOINT WARNING * * *
The tengu warrior pecks you but does no damage.
The tengu warrior claws you.
* * * LOW HITPOINT WARNING * * *
Casting: Plasma Beam (dangerous; 1% risk of failure)
Confirm with . or Enter, or press ? or * to list all spells.
Casting: Plasma Beam (dangerous; 1% risk of failure)
Press: ? - help, Dir - look around, f - activate The bolt of lightning misses the tengu warrior.
The fiery plasma hits the tengu warrior.
The tengu warrior is severely wounded.
* * * LOW HITPOINT WARNING * * *
The tengu warrior hits you with a +0 battleaxe!!
You die...

Skill      XL: |  1  2  3  4  5  6  7  8  9 10 11 12 13 14 15 16 |
---------------+-------------------------------------------------+-----
Fighting       | 1 2 3 4 5 7 8 9 12 | 12.7
Spellcasting   | 4 5 6 7 8 9 10 12 13 14 | 14.0
Ranged Weapons | 3 8 10 11 12 14 | 14.0
Dodging        | 7 8 |  8.0
Stealth        | |  1.5

Action                     |  1- 3 |  4- 6 |  7- 9 | 10-12 | 13-15 | 16-18 || total
---------------------------+-------+-------+-------+-------+-------+-------++-------
  Melee: Shortbow          |       |       |       |     1 |       |       ||     1
   Fire: Shortbow          |       |   132 |   200 |   318 |   596 |       ||  1246
         Hand crossbow     |       |       |       |       |    61 |    52 ||   113
  Throw: Dart              |       |       |       |       |     1 |       ||     1
   Cast: Freeze            |    29 |    39 |    54 |    31 |    69 |       ||   222
         Necrotise         |     7 |       |       |       |     2 |       ||     9
         Frozen Ramparts   |       |     1 |    36 |    39 |    55 |       ||   131
         Wereblood         |       |     1 |     2 |     2 |     2 |       ||     7
         Ozocubu's Armour  |       |       |     8 |    20 |    42 |     1 ||    71
         Summon Ice Beast  |       |       |    27 |    48 |    49 |       ||   124
         Lee's Rapid Decon |       |       |       |    33 |    58 |     6 ||    97
         Iskenderun's Batt |       |       |       |       |    25 |       ||    25
         Passwall          |       |       |       |       |     3 |       ||     3
         Passage of Golubr |       |       |       |       |     1 |       ||     1
         Plasma Beam       |       |       |       |       |    61 |    29 ||    90
  Evoke: Wand              |       |       |     4 |       |     8 |       ||    12
    Use: Scroll            |       |       |       |    18 |     9 |       ||    27
         Potion            |       |       |       |     1 |     5 |       ||     6
 Armour: Robe              |     8 |     6 |     1 |    73 |    87 |    10 ||   185
         Leather armour    |       |    22 |    58 |       |       |       ||    80
  Dodge: Dodged            |     9 |    56 |   109 |   138 |   320 |    31 ||   663

Levels and vault maps discovered:
D:1:      mrwooster_arrival_arrow, layout_basic, serial_shops, shop
D:2:      layout_loops_ring, basic_altar, minmay_circled_x
D:3:      layout_loops_cross, grunt_temple_overflow_order_and_chaos_2,
          elyvilon_altar_3
D:4:      layout_basic, mainiacjoe_overflow_catch_the_wave,
          nicolae_take_the_stairs, palyth_stone_intersect
D:5:      layout_basic, minmay_overflow_temple_star_quad, portal_sewer_entry_f
D:6:      layout_loops_ring, mainiacjoe_overflow_alcove_4,
          minmay_temple_entry_glassed_door, kennysheep_generic_room_7,
          uniq_duvessa
D:7:      layout_gridville, cheibriados_altar_1, fedhas_altar_decomposition,
          grunt_decor_cap, nicolae_shop_vocational
D:8:      minmay_evil_eye, layout_basic, serial_shops,
          nicolae_shop_tiny_waterfront
D:9:      layout_cave_pools, serial_shops, nicolae_shop_hallway_plus,
          chequers_serial_rivers_micro_e, minmay_misc_feat_four_crosses,
          kb_lookout_dungeons_type
D:10:     layout_irregular_city, serial_shops, shop_coins
D:11:     layout_cave_pools, minmay_lair_entry_grove, david_orc_5, uniq_amaemon,
          uniq_fannar
D:12:     layout_rooms
D:13:     layout_basic, uniq_erolcha
D:14:     layout_basic, skrybe_vaults_entry_preservation, chequers_jeans,
          serial_ice, serial_ice_b, serial_ice_l, serial_ice_g, serial_ice_c
D:15:     gammafunk_depths_entry_grave, layout_rooms,
          minmay_misc_feat_more_columns, amcnicky_mini_pool_medium
Lair:1:   layout_layer_cave, chequers_serial_rivers_large_a,
          hibernation_bobbens, lemuel_fruit_fields, infiniplex_staircase_pool,
          serial_bayou_shore_b
Lair:2:   layout_gridlike, skrybe_swamp_entry_bodies, lemuel_old_faithful,
          lemuel_fruit_fields
Lair:3:   layout_regular_city, hellmonk_spider_entry_not_the_bees
Lair:4:   layout_gridlike, dpeg_slime_entry_enclosed, beast_lair_carwin_11
Lair:5:   evil_forest, layout_loops_ring, grunt_megastairs_5
Orc:1:    layout_diamond_mine, gammafunk_ghost_abyssal_escape, uniq_maurice
Orc:2:    st_orc_mages, layout_caves

Notes
Turn   | Place    | Note
-------+----------+-------------------------------------------
     0 | D:1      | Jackthecabe the Djinni Ice Elementalist began the quest for
                  | the Orb.
     0 | D:1      | Jackthecabe set off with the following spells memorised:
                  | Freeze, Frozen Ramparts, Ozocubu's Armour, Summon Ice
                  | Beast.
     0 | D:1      | Reached XP level 1. HP: 15/15 MP: 0/0
    32 | D:1      | Found Geimnueps's Magic Scroll Shop.
   304 | D:1      | Reached XP level 2. HP: 20/22 MP: 0/0
   536 | D:1      | Reached skill level 1 in Fighting
   620 | D:2      | Reached XP level 3. HP: 24/27 MP: 0/0
   620 | D:2      | Learned a level 1 spell: Necrotise
   811 | D:2      | Reached skill level 2 in Fighting
   891 | D:2      | Reached XP level 4. HP: 31/33 MP: 0/0
  1284 | D:2      | Found a shimmering altar of Xom.
  1446 | D:3      | Found a burning altar of Makhleb.
  1449 | D:3      | Found a glowing silver altar of Zin.
  1449 | D:3      | Noticed an angel
  1451 | D:3      | Noticed a cacodemon
  1453 | D:3      | Became a worshipper of Makhleb the Destroyer
  1472 | D:3      | Reached skill level 4 in Spellcasting
  1639 | D:3      | Found a white marble altar of Elyvilon.
  1678 | D:3      | Reached XP level 5. HP: 39/39 MP: 0/0
  1678 | D:3      | Learned a level 2 spell: Wereblood
  1777 | D:3      | Reached skill level 3 in Fighting
  2198 | D:4      | Reached * piety under Makhleb
  2207 | D:4      | Noticed a phantom
  2248 | D:3      | Killed a phantom
  2249 | D:3      | Reached XP level 6. HP: 27/47 MP: 0/0
  2493 | D:3      | Reached skill level 4 in Fighting
  2680 | D:4      | Found Nuj Vuomp's Armour Shoppe.
  2741 | D:4      | Reached XP level 7. HP: 32/53 MP: 0/0
  2741 | D:4      | Learned a level 2 spell: Passwall
  3016 | D:4      | Found a sacrificial altar of Ru.
  3055 | D:4      | Reached skill level 5 in Spellcasting
  3392 | D:5      | Entered Level 5 of the Dungeon
  3405 | D:5      | Reached skill level 5 in Fighting
  3477 | D:5      | Found a glowing drain.
  3480 | D:5      | Reached ** piety under Makhleb
  3497 | Sewer    | Entered a sewer
  3660 | Sewer    | Found a white marble altar of Elyvilon.
  3804 | D:5      | Reached XP level 8. HP: 45/61 MP: 0/0
  4377 | D:5      | Found a hide-covered altar of Uskayaw.
  4387 | D:5      | Found a sparkling altar of Nemelex Xobeh.
  4500 | D:5      | Reached skill level 6 in Fighting
  4610 | D:6      | Reached skill level 6 in Spellcasting
  4777 | D:6      | Found a staircase to the Ecumenical Temple.
  4903 | D:6      | Reached skill level 7 in Fighting
  5049 | D:6      | Reached XP level 9. HP: 41/68 MP: 0/0
  5049 | D:6      | Learned a level 4 spell: Passage of Golubria
  5423 | D:6      | Found a broken altar of Ashenzari.
  5423 | D:6      | Noticed Duvessa
  5423 | D:6      | Noticed Dowan
  5437 | D:6      | Killed Duvessa
  5446 | D:6      | Killed Dowan
  5447 | D:6      | Reached skill level 7 in Spellcasting
  5602 | D:6      | Reached skill level 8 in Fighting
  6060 | D:7      | Reached skill level 1 in Ranged Weapons
  6282 | D:7      | Found Uzasm's Vocational Training.
  6319 | D:7      | Reached *** piety under Makhleb
  6341 | D:7      | Found a snail-covered altar of Cheibriados.
  6499 | D:7      | Found a blossoming altar of Fedhas.
  6533 | D:7      | Reached skill level 2 in Ranged Weapons
  7252 | D:8      | Found Zozuodopn's Armour Shoppe.
  7651 | D:8      | Reached skill level 3 in Ranged Weapons
  8009 | D:8      | Reached XP level 10. HP: 70/76 MP: 0/0
  8354 | D:8      | Reached skill level 8 in Spellcasting
  8438 | D:8      | Reached skill level 4 in Ranged Weapons
  8894 | D:9      | Reached skill level 5 in Ranged Weapons
  8907 | D:9      | Reached skill level 6 in Ranged Weapons
  9256 | D:9      | Reached skill level 7 in Ranged Weapons
  9897 | D:9      | Reached skill level 8 in Ranged Weapons
  9897 | D:9      | Reached XP level 11. HP: 78/81 MP: 0/0
  9897 | D:9      | Learned a level 5 spell: Lee's Rapid Deconstruction
 10049 | D:9      | Noticed a two-headed ogre
 10082 | D:9      | Killed a two-headed ogre
 10346 | D:9      | Found Emoihel's Magic Scroll Boutique.
 10352 | D:9      | Bought a scroll of magic mapping for 120 gold pieces
 10352 | D:9      | Bought a scroll of identify for 32 gold pieces
 10352 | D:9      | Bought a scroll of identify for 32 gold pieces
 10352 | D:9      | Bought a scroll of enchant armour for 120 gold pieces
 10352 | D:9      | Bought a scroll of teleportation for 48 gold pieces
 10924 | D:10     | Entered Level 10 of the Dungeon
 11020 | D:10     | Noticed a two-headed ogre
 11025 | D:10     | Killed a two-headed ogre
 11025 | D:10     | Reached **** piety under Makhleb
 11026 | D:10     | Reached skill level 9 in Ranged Weapons
 11136 | D:10     | Identified the staff of poison "Buol" {rPois Will++ Dex+5
                  | Stlth-}
 11143 | D:10     | Identified the +5 scale mail "Desak" {Harm rF++ Will+}
 11334 | D:10     | Found Parghohech's Assorted Antiques.
 11862 | D:11     | Noticed a skeletal warrior
 11864 | D:11     | Noticed a skeletal warrior
 11868 | D:11     | Noticed a skeletal warrior
 11870 | D:11     | Noticed a skeletal warrior
 11872 | D:11     | Killed a skeletal warrior
 12036 | D:10     | Reached skill level 9 in Spellcasting
 12194 | D:11     | Noticed a two-headed ogre
 12199 | D:11     | Killed a two-headed ogre
 12199 | D:11     | Noticed Fannar
 12261 | D:11     | Noticed a manticore
 12403 | D:11     | Found a staircase to the Lair.
 12435 | D:11     | Reached skill level 10 in Ranged Weapons
 12437 | D:11     | Reached XP level 12. HP: 86/86 MP: 0/0
 12450 | D:11     | Noticed Amaemon
 12456 | D:11     | Killed Amaemon
 12456 | D:11     | Reached ***** piety under Makhleb
 12457 | D:11     | Reached skill level 10 in Spellcasting
 12458 | D:11     | Reached skill level 3 in Dodging
 12458 | D:11     | Noticed a skeletal warrior
 12470 | D:11     | Killed a skeletal warrior
 12471 | D:11     | Reached skill level 4 in Dodging
 12721 | D:11     | Reached skill level 5 in Dodging
 12751 | D:11     | Killed a skeletal warrior
 12755 | D:11     | Killed a skeletal warrior
 13273 | D:11     | Reached skill level 6 in Dodging
 13455 | D:11     | Killed a skeletal warrior
 13763 | D:11     | Found a staircase to the Orcish Mines.
 14175 | D:15     | Entered Level 15 of the Dungeon
 14245 | D:12     | Reached skill level 9 in Fighting
 14620 | D:11     | Identified a scroll of acquirement
 14621 | D:11     | Acquired a +0 hand crossbow of flaming
 15031 | D:12     | Noticed a two-headed ogre
 15033 | D:12     | Reached skill level 7 in Dodging
 15036 | D:12     | Killed a two-headed ogre
 15282 | D:14     | Noticed a boulder beetle
 15418 | D:12     | Noticed a two-headed ogre
 15436 | D:12     | Killed a two-headed ogre
 15601 | D:12     | Reached XP level 13. HP: 94/94 MP: 0/0
 15601 | D:12     | Learned a level 5 spell: Iskenderun's Battlesphere
 15986 | D:13     | Noticed Erolcha
 16095 | D:13     | Noticed a centaur warrior
 16247 | D:13     | Killed a centaur warrior
 17065 | Lair:1   | Entered Level 1 of the Lair of Beasts
 17191 | Lair:1   | Reached skill level 8 in Dodging
 17639 | Lair:1   | Reached skill level 10 in Fighting
 18474 | Lair:2   | Found a staircase to the Swamp.
 18625 | Lair:2   | Reached skill level 11 in Fighting
 18632 | Lair:2   | Found the +6 shillelagh "Devastator" {shatter}
 19568 | Lair:3   | Reached skill level 11 in Ranged Weapons
 19689 | Lair:3   | Found a hole to the Spider Nest.
 19857 | Lair:3   | Noticed an eight-headed hydra
 19861 | Lair:3   | Killed an eight-headed hydra
 20256 | Lair:4   | Noticed a seven-headed hydra
 20269 | Lair:4   | Killed a seven-headed hydra
 20574 | Lair:4   | Reached skill level 12 in Fighting
 20574 | Lair:4   | Reached XP level 14. HP: 102/107 MP: 0/0
 20775 | Lair:4   | Found a staircase to the Slime Pits.
 21646 | Lair:3   | Reached skill level 11 in Spellcasting
 21928 | Lair:5   | Entered Level 5 of the Lair of Beasts
 22172 | Lair:5   | Reached ****** piety under Makhleb
 22617 | Lair:5   | Reached skill level 12 in Ranged Weapons
 23688 | Lair:5   | Reached skill level 12 in Spellcasting
 24473 | Lair:5   | Found a burning altar of Makhleb.
 24481 | Lair:5   | Reached XP level 15. HP: 34/112 MP: 0/0
 24481 | Lair:5   | Learned a level 6 spell: Plasma Beam
 24799 | Lair:5   | Found a gateway to Hell.
 24799 | Lair:5   | Found the +0 mask of the Dragon {Will+ Slay+3 SInv}
 24969 | Lair:5   | Reached skill level 13 in Ranged Weapons
 25558 | Lair:4   | Found a staircase to the Slime Pits.
 25955 | Orc:1    | Entered Level 1 of the Orcish Mines
 26357 | Orc:1    | Found a one-way gate to the infinite horrors of the Abyss.
 26357 | Orc:1    | Noticed middlethird's ghost (journeyman VSAE)
 26389 | Orc:1    | Noticed Maurice
 26397 | Orc:1    | Killed Maurice
 26521 | Orc:1    | Found a transporter.
 26573 | Orc:1    | Found a transporter.
 26677 | Orc:1    | Reached skill level 14 in Ranged Weapons
 26884 | Orc:2    | Entered Level 2 of the Orcish Mines
 27510 | Orc:2    | Found Mippiops's Book Shoppe.
 27510 | Orc:2    | Found Viru Urgh's Weapon Shoppe.
 27511 | Orc:2    | Found Hilital's Jewellery Emporium.
 27517 | Orc:2    | Found Poutiene's Distillery.
 27524 | Orc:2    | Bought a potion of ambrosia for 112 gold pieces
 27524 | Orc:2    | Bought a potion of cancellation for 112 gold pieces
 27530 | Orc:2    | Identified a +0 robe of the Archmagi
 27749 | Orc:2    | Found a staircase to the Elven Halls.
 27864 | D:11     | Killed Fannar
 28081 | D:11     | Found a staircase to the Lair.
 28387 | D:13     | Killed Erolcha
 28609 | D:13     | Reached skill level 13 in Spellcasting
 29359 | D:14     | Noticed an ironbound preserver
 29369 | D:14     | HP: 8/112 [tengu warrior/+0 battleaxe (9)]
 30017 | D:14     | Reached XP level 16. HP: 114/118 MP: 0/0
 30563 | D:14     | Reached skill level 14 in Spellcasting
 30586 | D:14     | Found a gate to the Vaults.
 31572 | D:15     | Mangled by a tengu warrior

Vanquished Creatures
  An ironbound preserver (D:14)
  Fannar (D:11)
  An ogre mage (Orc:1)
  3 hydras
  Erolcha (D:13)
  10 centaur warriors
  4 boulder beetles
  8 death yaks
  9 two-headed ogres
  2 tengu warriors (D:14)
  An orc high priest (Orc:2)
  8 skeletal warriors
  A sixfirhy (Lair:5)
  Amaemon (D:11)
  2 bog bodies (Lair:2)
  A wizard (Lair:5)
  4 orc sorcerers (Orc:2)
  2 deep elf pyromancers
  5 ugly things (D:14)
  An orc knight (Orc:1)
  5 cyclopes
  3 manticores
  Maurice (Orc:1)
  3 black mambas
  A smoke demon (Lair:5)
  7 rime drakes
  A kobold demonologist (D:12)
  An unseen horror (shapeshifter) (D:14)
  11 cane toads
  5 orange demons
  A freezing wraith (D:14)
  An unseen horror (D:13)
  A komodo dragon (shapeshifter) (D:14)
  11 komodo dragons
  An efreet (D:13)
  A red devil (Lair:5)
  A meliai (Lair:3)
  2 polar bears
  7 trolls
  9 blink frogs
  6 dream sheep (Lair:5)
  10 slime creatures
  A shadow (D:12)
  A wraith (D:12)
  2 centaur simulacra (D:14)
  3 vampires
  2 wyverns
  A water elemental (D:14)
  26 yaks
  2 steam dragons
  2 basilisks (Lair:3)
  A vampire mosquito (D:15)
  2 wargs (Orc:2)
  13 water moccasins
  3 hell hounds (Lair:5)
  Duvessa (D:6)
  21 orc warriors
  A sky beast (D:6)
  5 black bears
  An ice beast (D:14)
  7 ogres
  10 wolves
  A boggart (D:14)
  11 centaurs
  A phantom (D:3)
  5 kobold brigands
  5 bullfrogs
  A necrophage (D:7)
  2 scorpions
  5 wights
  11 killer bees
  9 howler monkeys
  4 jellies
  7 hounds
  25 orc priests
  4 iguanas
  39 orc wizards
  9 adders
  6 gnolls
  A river rat (Sewer)
  A shadow imp (D:7)
  3 white imps
  2 ufetubi
  A worm (D:2)
  4 dart slugs
  79 orcs
  3 bats
  7 endoplasms
  4 giant cockroaches
  6 goblins
  8 hobgoblins
  2 jackals (Sewer)
  5 quokkas
  7 ball pythons
  2 frilled lizards
  25 kobolds
  6 rats
  A butterfly (Lair:2)
572 creatures vanquished.

Vanquished Creatures (collateral kills)
  2 hydras
  A death yak (Lair:5)
  2 two-headed ogres
  A black mamba (Lair:5)
  3 cane toads
  An orange demon (Lair:5)
  A komodo dragon (Lair:4)
  2 polar bears
  A troll (D:10)
  2 dream sheep (Lair:5)
  5 blink frogs
  2 wraiths
  2 wyverns
  11 yaks
  3 basilisks
  4 water moccasins
  2 black bears
  A bullfrog (Lair:1)
  A gnoll sergeant (D:9)
  3 wights
  Dowan (D:6)
  A killer bee (D:9)
  2 howler monkeys
  An orc wizard (D:8)
  2 gnolls (D:9)
  A white imp (D:6)
  3 orcs (D:11)
  A kobold (D:11)
  3 butterflies
65 creatures vanquished.

Vanquished Creatures (others)
  An orc (D:11)
1 creature vanquished.

Grand Total: 638 creatures vanquished

Table legend: (Time is in decaauts)
 A = Elapsed time spent in this place.
 B = Non-inter-level travel time spent in this place.
 C = Inter-level travel time spent in this place.
 D = Time resting spent in this place.
 E = Time spent auto-exploring this place.
 F = Levels seen in this place.
 G = Mean time per level.
                   A        B        C        D        E       F      G
               +--------+--------+--------+--------+--------+-----+--------+
         Total |  31748 |  30335 |   1413 |   8730 |  16096 |  23 | 1380.3 |
       Dungeon |  20898 |  19918 |    980 |   6376 |   9680 |  15 | 1393.2 |
          Lair |   8841 |   8449 |    392 |   1903 |   5323 |   5 | 1768.2 |
  Orcish Mines |   1795 |   1755 |     40 |    436 |    983 |   2 |  897.5 |
         Sewer |    213 |    213 |      0 |     15 |    110 |   1 |  213.0 |
               +--------+--------+--------+--------+--------+-----+--------+

Top non-repeatable levels by time:
  Lair:5: 2884 daAuts
    D:10: 2592 daAuts
  Lair:4: 2334 daAuts
    D:14: 2175 daAuts
     D:8: 2170 daAuts
     D:9: 2095 daAuts
    D:13: 1864 daAuts
    D:11: 1693 daAuts
    D:12: 1516 daAuts
  Lair:3: 1415 daAuts
     D:6: 1281 daAuts
  Lair:1: 1142 daAuts
     D:4: 1111 daAuts
  Lair:2: 1064 daAuts
     D:5: 1014 daAuts

Table legend:
 A = Non-vault XP
 B = Vault XP
 C = Vault XP percentage of total XP
 D = Non-vault monster count
 E = Vault monster count
 F = Vault count percentage of total count
                 A         B        C        D         E       F
            +---------+---------+-------+---------+---------+-------
      Total |   89139 |   33112 |  27.1 |     459 |     174 |  27.5
            +---------+---------+-------+---------+---------+-------
        D:1 |      11 |       0 |   0.0 |       7 |       0 |   0.0
        D:2 |      60 |      18 |  23.1 |      18 |       4 |  18.2
        D:3 |     230 |       0 |   0.0 |      20 |       0 |   0.0
        D:4 |     365 |       0 |   0.0 |      35 |       0 |   0.0
        D:5 |     288 |       8 |   2.7 |       9 |       4 |  30.8
        D:6 |    1034 |     350 |  25.3 |      23 |       3 |  11.5
        D:7 |     562 |      88 |  13.5 |       9 |       1 |  10.0
        D:8 |     850 |     402 |  32.1 |      17 |       4 |  19.0
        D:9 |    5104 |     112 |   2.1 |      44 |       1 |   2.2
       D:10 |    1706 |     136 |   7.4 |      14 |       1 |   6.7
       D:11 |    7526 |    4296 |  36.3 |      27 |      38 |  58.5
       D:12 |    4539 |       0 |   0.0 |      16 |       0 |   0.0
       D:13 |    6403 |     851 |  11.7 |      13 |       1 |   7.1
       D:14 |   12658 |    6705 |  34.6 |      25 |      17 |  40.5
       D:15 |    4097 |     174 |   4.1 |      10 |       1 |   9.1
     Lair:1 |    2229 |     436 |  16.4 |       9 |       1 |  10.0
     Lair:2 |    5067 |    1358 |  21.1 |      18 |       2 |  10.0
     Lair:3 |    5769 |     678 |  10.5 |      18 |       7 |  28.0
     Lair:4 |    7528 |     722 |   8.8 |      20 |       2 |   9.1
     Lair:5 |   12604 |   11208 |  47.1 |      35 |      30 |  46.2
      Orc:1 |    8036 |     480 |   5.6 |      47 |       1 |   2.1
      Orc:2 |    2473 |    4873 |  66.3 |      25 |      43 |  63.2
      Sewer |       0 |     217 | 100.0 |       0 |      13 | 100.0
            +---------+---------+-------+---------+---------+-------
